[Event "*** Qualifier 4: Titled Tuesday 3|2 Blitz"]
[Site "Chess.com"]
[Date "2017.04.25"]
[Round "3"]
[White "Fandorine"]
[Black "gmcorrales"]
[Result "1-0"]
[WhiteElo "2704"]
[BlackElo "2600"]
[TimeControl "180+2"]
[EndTime "13:34:01 PDT"]
[Termination "Fandorine won by resignation"]

1. e4 c5 2. Nf3 d6 3. d4 cxd4 4.
Nxd4 Nf6 5. Nc3 g6 6. Be3 Bg7 7. f3 O-O 8. Qd2 Nc6 9. O-O-O d5 10. exd5 Nxd5 11. Nxc6 bxc6 12. Bd4 Bxd4 13. Qxd4 Qb6 14. Na4 Qa5 15. b3 Qc7 16. Bc4 Nb6 17. Nc5 Bf5 18.
g3 Rad8 19. Qc3 Rd6 20. g4 Rxd1+ 21. Rxd1 Qf4+ 22. Qd2 Qe5 23. Qd4 Nxc4 24. bxc4 Qxd4 25. Rxd4 Bc8 26. Re4 Re8 27. Re3 e5 28. Ra3 Re7 29. Rd3 Kf8 30. Rd8+ Re8 31. Rd6 Be6 32. Nxe6+ Rxe6 33. Rxe6 fxe6 34. Kd2 e4 35. f4 Ke7 36. Ke3 c5 37.
Kxe4 Kd6 38. a3 a6 39. h3 h6 40. a4 g5 41. a5 Kd7 42. Ke5 Ke7 43. f5 exf5 44.
Kxf5 Kf7 45. Ke5 Ke7 46. Kd5 Kf6 47. Kxc5 Ke5 48. Kb6 Kf4 49. c5 Kg3 50. c6 Kxh3 51.
c7 Kxg4 52. c8=Q+ 1-0

[Event "*** Qualifier 4: Titled Tuesday 3|2 Blitz"]
[Site "Chess.com"]
[Date "2017.04.25"]
[Round "3"]
[White "popov_m"]
[Black "feigelag"]
[Result "0-1"]
[WhiteElo "2398"]
[BlackElo "2291"]
[TimeControl "180+2"]
[EndTime "13:34:10 PDT"]
[Termination "feigelag won by resignation"]

1. c4 e5 2. g3 Nf6 3. Bg2 d5 4.
cxd5 Nxd5 5. Nf3 Nc6 6. O-O Nb6 7. b3 Be7 8. Bb2 f6 9. d4 exd4 10. Nxd4 Nxd4 11. Bxd4 O-O 12. Nc3 c6 13. Ne4 Nd5 14. Rc1 Re8 15. Nc5 Bxc5 16. Bxc5 Bf5 17. Re1 Nc7 18. e4 Bg6 19. Qg4 Ne6 20. Be3 Qa5 21. Bf1 Bh5 22. Qf5 Qxf5 23. exf5 Nc7 24. Bg2 Bf7 25.
h3 Bd5 26. Bf1 Be4 27. g4 Nd5 28. Bxa7 Rxa7 29. f3 Rxa2 30. Rxe4 Rxe4 31. fxe4 Nf4 32. b4 Rb2 33. b5 cxb5 34. Rc8+ Kf7 35. Rc7+ Kf8 36. Rxb7 b4 37. Bc4 Nxh3+ 38. Kf1 Ng5 39. Bd5 b3 40. Ke1 Nf3+ 41. Kd1 Rd2+ 42. Kc1 b2+ 43.
Kb1 Ne5 44. Rb8+ Ke7 45. Rb7+ Kd6 46. Rxg7 Nd3 47. Rb7 Ke5 48. Bc4 Rd1+ 49. Ka2 Ra1+ 0-1

[Event "*** Qualifier 4: Titled Tuesday 3|2 Blitz"]
[Site "Chess.com"]
[Date "2017.04.25"]
[Round "3"]
[White "Outsmiter"]
[Black "chesstatour"]
[Result "0-1"]
[WhiteElo "2042"]
[BlackElo "1893"]
[TimeControl "180+2"]
[EndTime "13:34:10 PDT"]
[Termination "chesstatour won by checkmate"]

1. e4 c6 2. d4 d5 3. exd5 cxd5 4.
Bd3 Nc6 5. c3 g6 6. Bf4 Nh6 7. Nf3 Bg7 8. O-O O-O 9. Re1 f6 10. c4 e6 11. Nc3 Nf7 12. cxd5 exd5 13. Qb3 g5 14. Be3 Ne7 15. Rac1 b6 16. Bb1 Bg4 17. Nd2 Bh5 18. Nb5 a6 19. Nc7 Rc8 20. Ne6 Qd6 21. Nxf8 Bxf8 22. Rxc8 Nxc8 23. Rc1 Ne7 24.
Qc3 Bg6 25. Qc7 Qe6 26. Bxg6 hxg6 27. a4 f5 28. Nf3 f4 29. Bd2 Qf5 30. Re1 g4 31.
Ne5 f3 32. Nxf7 Qxf7 33. Qxb6 fxg2 34. Qxa6 Nf5 35. Be3 Nh4 36. Rc1 Nf3+ 37. Kxg2 Nh4+ 38. Kf1 Qf3 39. Qc6 Ng2 40. Qe6+ Kh8 41. Qe5+ Bg7 42. Rc8+ Kh7 43. Qg3 Nxe3+ 44. Kg1 Qd1# 0-1

[Event "*** Qualifier 4: Titled Tuesday 3|2 Blitz"]
[Site "Chess.com"]
[Date "2017.04.25"]
[Round "3"]
[White "PelinGorki"]
[Black "Elshan1985"]
[Result "0-1"]
[WhiteElo "2331"]
[BlackElo "2494"]
[TimeControl "180+2"]
[EndTime "13:34:11 PDT"]
[Termination "Elshan1985 won by resignation"]

1. e4 e5 2. Nc3 Nf6 3. Bc4 Nc6 4.
d3 Na5 5. Nge2 Nxc4 6. dxc4 d6 7. O-O g6 8. Qd3 Bg7 9. f4 exf4 10. Bxf4 O-O 11.
Rae1 Ng4 12. b3 Ne5 13. Qg3 Be6 14. Nd4 Qd7 15. Nd5 Bxd5 16. cxd5 a5 17. a4 c6 18. c4 Rae8 19. Nf3 Qc7 20. Nxe5 Bxe5 21. h4 Bxf4 22.
Rxf4 cxd5 23. exd5 Qb6+ 24. Kh2 Rxe1 25. Qxe1 Qxb3 26. h5 Qb2 27. Qe7 Qe5 28. Qxe5 dxe5 29. Re4 f6 30. hxg6 hxg6 31. c5 Rd8 32. d6 b6 33. Rc4 bxc5 34. Rxc5 Rxd6 35. Rxa5 Kf7 36.
Kg3 Rd3+ 37. Kf2 Ke6 38. Ra6+ Kf5 39. a5 Ra3 40. Ra8 g5 41. a6 g4 42. a7 Kf4 43. g3+ Ke4 44. Rf8 Ra2+ 45. Kf1 Rxa7 46. Rxf6 Ra2 47. Rf7 Ke3 48. Rf5 e4 49. Rf4 Ra1+ 50.
Kg2 Kd3 51. Rxg4 e3 52. Rg8 e2 53. Rd8+ Kc4 54. Rc8+ Kd5 55. Re8 e1=Q 0-1

[Event "*** Qualifier 4: Titled Tuesday 3|2 Blitz"]
[Site "Chess.com"]
[Date "2017.04.25"]
[Round "3"]
[White "Noukii"]
[Black "Bugcrusher"]
[Result "0-1"]
[WhiteElo "2632"]
[BlackElo "2486"]
[TimeControl "180+2"]
[EndTime "13:34:12 PDT"]
[Termination "Bugcrusher won by resignation"]

1. d4 e6 2. Nf3 Nf6 3. Bg5 Be7 4.
Nbd2 c5 5. e3 b6 6. Bd3 Bb7 7.
O-O O-O 8. a4 a6 9. Re1 d6 10. c3 Nbd7 11. Qe2 h6 12. Bh4 cxd4 13. exd4 Nd5 14. Bg3 N7f6 15. Ne4 Re8 16. Nxf6+ Bxf6 17. Nd2 Qc7 18. Qe4 g6 19. Qg4 Kg7 20.
Nc4 Rad8 21. h4 h5 22. Qe2 e5 23. dxe5 dxe5 24. Be4 Re7 25. Rad1 Nf4 26. Qf1 Rxd1 27. Rxd1 Bxe4 28. f3 Bd3 29. Rxd3 Qxc4 30. Rd6 Qxf1+ 31. Kxf1 Re6 32. Rd7 a5 33. Bf2 Rc6 34. Rb7 Nd3 35. Bxb6 Nxb2 36. Bxa5 Nxa4 37. Rb3 e4 38. fxe4 Nxc3 39.
Rb4 Re6 40. e5 Bxe5 41. Rc4 Nd5 42. Bd2 Bf6 43. g3 Ne3+ 44. Bxe3 Rxe3 45. Kf2 Re5 0-1

[Event "*** Qualifier 4: Titled Tuesday 3|2 Blitz"]
[Site "Chess.com"]
[Date "2017.04.25"]
[Round "3"]
[White "Abrito99"]
[Black "abubakrtagelsir"]
[Result "0-1"]
[WhiteElo "2280"]
[BlackElo "2140"]
[TimeControl "180+2"]
[EndTime "13:34:12 PDT"]
[Termination "abubakrtagelsir won by resignation"]

1. e4 d6 2. d4 Nf6 3. Nc3 g6 4.
Nf3 Bg7 5. Be3 O-O 6. h3 c6 7. a4 Qc7 8. Be2 e5 9. O-O Nbd7 10. dxe5 dxe5 11. a5 Re8 12. Qb1 Nf8 13. Rd1 Ne6 14.
Bc4 Bf8 15. Qc1 Nh5 16. Ne2 Nc5 17. Ng5 Be6 18. Nxe6 Nxe6 19. g3 Nf6 20. Nc3 Nd4 21. Bd3 Bb4 22. a6 Bxc3 23. bxc3 Ne6 24. axb7 Qxb7 25.
Qa3 Nd7 26. Rdb1 Qc7 27. Bc4 Ndf8 28. Qa6 Re7 29. Bb6 Qd7 30. Rd1 Qe8 31. Be3 Nc7 32. Qa4 Nce6 33. Rd6 Qb8 34. Rd2 Qc7 35. Rad1 Rd8 36.
Rxd8 Nxd8 37. Bc5 Rd7 38. Rb1 Nfe6 39. Bxa7 Qxa7 40. Qb3 Nc5 41. Qb2 Nxe4 42. Rf1 Nd2 0-1

[Event "*** Qualifier 4: Titled Tuesday 3|2 Blitz"]
[Site "Chess.com"]
[Date "2017.04.25"]
[Round "3"]
[White "r31415"]
[Black "woodhy"]
[Result "1-0"]
[WhiteElo "2203"]
[BlackElo "2384"]
[TimeControl "180+2"]
[EndTime "13:34:17 PDT"]
[Termination "r31415 won by resignation"]

1. e4 e6 2. d4 d5 3. Nc3 Bb4 4.
e5 c5 5. a3 Bxc3+ 6. bxc3 Ne7 7.
Qg4 Qc7 8. Qxg7 Rg8 9. Qxh7 cxd4 10. Ne2 Nbc6 11. f4 Bd7 12. Qd3 dxc3 13. Nxc3 a6 14. h4 Nf5 15. Rh3 O-O-O 16. Rb1 Na5 17. a4 Nc4 18. h5 Qc5 19. Nd1 Bxa4 20. Qc3 Bb5 21. Nb2 d4 22. Nd3 dxc3 23. Nxc5 Nd2 24. Rxb5 axb5 25.
Rxc3 Nc4 26. Bxc4 bxc4 27. Rxc4 Kb8 28. Kf2 b6 29. Rb4 Kc7 30. Ne4 Rd4 31. Rxd4 Nxd4 32. c3 Nf5 33. Nf6 Rg7 34. g4 Nh6 35. Ne8+ Kd7 36.
Nxg7 Nxg4+ 37. Kg3 Nh6 38. Kh4 Ke7 39. Kg5 Ng8 40.
h6 f6+ 41. exf6+ Nxf6 42. Kg6 b5 43. Ba3+ b4 44. Bxb4+ Kd7 45. Kxf6 Kc6 46. h7 Kd5 47.
h8=Q 1-0

[Event "*** Qualifier 4: Titled Tuesday 3|2 Blitz"]
[Site "Chess.com"]
[Date "2017.04.25"]
[Round "3"]
[White "VMikhalevski"]
[Black "Gabix_94"]
[Result "1-0"]
[WhiteElo "2547"]
[BlackElo "2430"]
[TimeControl "180+2"]
[EndTime "13:34:20 PDT"]
[Termination "VMikhalevski won on time"]

1. c4 c5 2. g3 Nc6 3. Bg2 g6 4.
Nc3 Bg7 5. Nf3 e5 6. O-O Nge7 7.
Ne1 Rb8 8. a3 a6 9. b4 cxb4 10.
axb4 b5 11. cxb5 axb5 12. Nc2 d5 13. d3 O-O 14. Bg5 f6 15. Bd2 Be6 16. Ra6 Qc8 17.
Qa1 f5 18. Rc1 Qd7 19. Qa3 Rfc8 20. Na1 d4 21. Nb1 Nd5 22. Nb3 Ncxb4 23. Bxb4 Rxc1+ 24. Nxc1 Rc8 25. Rd6 Qc7 26. Nb3 Nxb4 27. Rxe6 Qc2 28. Qxb4 Qxb1+ 29. Bf1 Bf8 30. Qxb5 Rc1 31. Qd5 Rxf1+ 32.
Kg2 Rg1+ 33. Kh3 Kg7 34. Qxe5+ Kh6 35. Qf4+ Kg7 36. Qxd4+ Kh6 37. Qh4+ Kg7 38. Qf6+ Kh6 39. Qxf8+ Kh5 40. Nd2 Qb7 41. Nf3 Qb1 42. Nd2 Qb7 43. e4 Qd7 44. Re7 g5 45. Qf7+ 1-0

[Event "*** Qualifier 4: Titled Tuesday 3|2 Blitz"]
[Site "Chess.com"]
[Date "2017.04.25"]
[Round "3"]
[White "rithwik2002"]
[Black "pawnwonder"]
[Result "1-0"]
[WhiteElo "1799"]
[BlackElo "1845"]
[TimeControl "180+2"]
[EndTime "13:34:21 PDT"]
[Termination "rithwik2002 won by resignation"]

1. e4 c5 2. Nf3 Nc6 3. Bb5 g6 4.
Bxc6 bxc6 5. O-O Bg7 6. Re1 Nh6 7. h3 O-O 8. d3 f6 9. e5 fxe5 10. Nxe5 Nf7 11. Nxf7 Rxf7 12. Nc3 Qf8 13. Qe2 Ba6 14. Ne4 c4 15. Ng5 Rf5 16. dxc4 h6 17. Nf3 e5 18. Qe4 Rd8 19. Nh4 d5 20. Qg4 Rf6 21. Nxg6 Qf7 22. Nxe5 Qc7 23. Bf4 Qb6 24. Nd7 Rxd7 25.
Qxd7 Rxf4 26. Re8+ Kh7 27. Re7 Qxf2+ 28. Kh1 Qd4 29.
Rae1 Bxc4 30. Rxg7+ Qxg7 31. Re7 Qxe7 32. Qxe7+ Kg6 33. Qe8+ Kg5 34. Qg8+ Kf6 35. Qg3 Rf1+ 36. Kh2 Rf5 37. b3 Bb5 38. a4 Ba6 39. Qd6+ Kg7 40.
Qxc6 Bf1 41. Qc7+ Rf7 42. Qe5+ Kg8 43. Qxd5 Kf8 44. Qd8+ Kg7 45. b4 Rf2 46. Qd4+ 1-0

[Event "*** Qualifier 4: Titled Tuesday 3|2 Blitz"]
[Site "Chess.com"]
[Date "2017.04.25"]
[Round "3"]
[White "severomorskij"]
[Black "Alexander_Moskalenko"]
[Result "1/2-1/2"]
[WhiteElo "2653"]
[BlackElo "2633"]
[TimeControl "180+2"]
[EndTime "13:34:27 PDT"]
[Termination "Game drawn by repetition"]

1. d4 d5 2. c4 c6 3. Nf3 Nf6 4. Qc2 g6 5. Bf4 Bg7 6. e3 O-O 7. Nc3 Be6 8. Qb3 Qb6 9. c5 Qxb3 10.
axb3 Nbd7 11. b4 a6 12. h3 Ne4 13. Nxe4 dxe4 14. Nd2 Bd5 15. Bc4 e6 16. Ke2 f5 17. Bd6 Rf7 18. Rhc1 h5 19. Bxd5 exd5 20. Nb3 Re8 21. Na5 Nf8 22. g3 Ne6 23. h4 Bf8 24. Be5 Bg7 25. Bd6 Bf6 26. Rh1 Rc8 27. Kd2 Bd8 28.
Nb3 Rd7 29. Be5 Kf7 30. Rhc1 Be7 31. Rh1 Bf6 32. Bxf6 Kxf6 33. Na5 Kf7 34. Kc3 Nf8 35. Nb3 Nh7 36. Na5 Nf6 37. Kd2 Ng4 38. Ke2 Ke7 39.
Ra3 Kd8 40. Raa1 Kc7 41. Ra3 Rg8 42. Raa1 Rh7 43. Nb3 Rhh8 44. Na5 Nh6 45. Nb3 Nf7 46. Na5 g5 47. hxg5 Nxg5 48. Nb3 Nf3 49. Nd2 Nxd2 50. Kxd2 h4 51. Rxh4 Rxh4 52. gxh4 Rg2 53. Ke2 Rh2 54.
Rg1 Rxh4 55. Rg7+ Kc8 56. Rg8+ Kc7 57. Rg7+ Kb8 58. Rf7 Rh5 59. b3 Ka7 60. Rf8 Rh1 61. Kd2 Rh5 62. Ke2 Rg5 63. Kd2 Rh5 64. Ke2 Rh1 65. Kd2 Rh5 1/2-1/2

[Event "*** Qualifier 4: Titled Tuesday 3|2 Blitz"]
[Site "Chess.com"]
[Date "2017.04.25"]
[Round "3"]
[White "ViIIagra"]
[Black "nonscitis"]
[Result "1-0"]
[WhiteElo "2498"]
[BlackElo "2335"]
[TimeControl "180+2"]
[EndTime "13:34:33 PDT"]
[Termination "ViIIagra won by resignation"]

1. e4 c5 2. Nf3 d6 3. d4 cxd4 4.
Nxd4 Nf6 5. Nc3 g6 6. g3 Bg7 7.
Bg2 O-O 8. O-O Nc6 9. Nde2 Bg4 10. h3 Bxe2 11. Qxe2 Nd4 12. Qd1 e5 13. Be3 Nh5 14.
Nd5 Nf6 15. Bxd4 Nxd5 16. Bxa7 Nc3 17. Qd3 Nxe4 18. Be3 Nc5 19. Qb5 Rc8 20. Rfd1 Qc7 21. c3 Rb8 22. Rd2 e4 23. Rad1 Rfd8 24. b4 Ne6 25.
Bb6 Qxc3 26. Bxd8 Rxd8 27. Bxe4 Be5 28. Kg2 h5 29. Bd5 Nd4 30. Qxb7 Rf8 31. Rd3 Qb2 32. R1d2 Qa1 33. Qb6 Nf5 34. h4 Qe1 35. Rd1 Qe2 36. Bf3 Qxa2 37. R1d2 Qb1 38. b5 Qa1 39. Qc6 Nd4 40.
Qd5 Nxf3 41. Rxf3 Qc1 42. Ra2 Qc8 43. Ra7 Qe8 44. b6 Kg7 45. Rc7 Bf6 46. b7 Qb8 47.
Qxd6 Bd8 48. Rcxf7+ Rxf7 49. Rxf7+ 1-0

[Event "*** Qualifier 4: Titled Tuesday 3|2 Blitz"]
[Site "Chess.com"]
[Date "2017.04.25"]
[Round "3"]
[White "jcgs1030"]
[Black "plouarzel"]
[Result "0-1"]
[WhiteElo "2265"]
[BlackElo "2438"]
[TimeControl "180+2"]
[EndTime "13:34:33 PDT"]
[Termination "plouarzel won by resignation"]

1. e4 c5 2. Nf3 d6 3. d4 cxd4 4.
Nxd4 Nf6 5. Nc3 g6 6. Bg5 Bg7 7.
Bb5+ Bd7 8. Qe2 O-O 9. O-O-O Qa5 10. Bc4 Nc6 11. Be3 Rac8 12. Nb3 Qd8 13. f3 Na5 14. Nxa5 Qxa5 15. Bb3 Be6 16. Bd4 Bxb3 17. cxb3 Qxa2 18. Qc2 Qa5 19. Kb1 b5 20. Qd3 b4 21.
Bxf6 bxc3 22. Bxg7 c2+ 23. Qxc2 Rxc2 24. Bxf8 Rc7 25. Bh6 g5 26. Rc1 f6 27. Rxc7 Qxc7 28. h4 gxh4 29. Rxh4 Qb6 30. Rg4+ Kf7 31. Ka2 Qa5+ 32.
Kb1 Qb4 33. Rg7+ Ke6 34. Rxh7 Qxb3 35. Bf8 Qd1+ 36. Ka2 Qa4+ 37. Kb1 f5 38. Rxe7+ Kf6 39. exf5 Kxf5 40. Re4 Qd1+ 41. Ka2 d5 42. Rg4 d4 43. Bc5 d3 44. Bxa7 Qc2 45. Be3 Qe2 46. Bg5 Qe6+ 47. Kb1 Qb3 48. Bh6 Qc2+ 49. Ka2 d2 50. Bxd2 Qxd2 51. Kb3 Ke5 52. Re4+ Kd5 53. Rg4 Qd3+ 54.
Ka4 Kc5 55. Rg5+ Kb6 56. Rg4 Qc2+ 57. Ka3 Qb1 58. Kb3 Qd1+ 59. Kc3 Qc1+ 60. Kb3 Kb5 61. Rb4+ Kc5 62. Rg4 Qe3+ 63. Kc2 Kd5 64. b4 Kc6 65. Kb2 Kb5 66. Kc2 Qe2+ 67. Kc3 Qe3+ 68. Kc2 Ka4 69. Kb2 Qd2+ 70. Kb1 Kb3 0-1

[Event "*** Qualifier 4: Titled Tuesday 3|2 Blitz"]
[Site "Chess.com"]
[Date "2017.04.25"]
[Round "3"]
[White "Yaacovn"]
[Black "GulamaliRises"]
[Result "1-0"]
[WhiteElo "2611"]
[BlackElo "2480"]
[TimeControl "180+2"]
[EndTime "13:34:34 PDT"]
[Termination "Yaacovn won by resignation"]

1. d4 d5 2. Nf3 Nf6 3. c4 dxc4 4.
e3 e6 5. Bxc4 a6 6. O-O c5 7. dxc5 Bxc5 8. Qxd8+ Kxd8 9. Ng5 Ke7 10.
Nc3 b5 11. Nce4 Bb6 12. Be2 Bb7 13. Nxf6 gxf6 14. Bf3 Nc6 15. Nh3 Rab8 16. b3 Rhc8 17. Ba3+ b4 18. Bb2 Ne5 19. Bxb7 Rxb7 20. Nf4 a5 21. Rfc1 Rbc7 22. Rxc7+ Rxc7 23. Rc1 Rxc1+ 24. Bxc1 Nd7 25. Bb2 f5 26. Kf1 Bc7 27. Nd3 Nb6 28. h3 Nd5 29. Ke2 f6 30. f3 Bd6 31.
e4 fxe4 32. fxe4 Nc7 33. g4 Nb5 34. Kf3 e5 35. Ke2 Bc7 36. h4 Bb6 37. g5 Bd4 38.
Bxd4 Nxd4+ 39. Ke3 Nc2+ 40. Kf2 Nd4 41. gxf6+ Kxf6 42. Nc5 Nb5 43. Nb7 Nc3 44. Ke3 a4 45. bxa4 Nxa4 46. Kd3 Nc3 47. a3 Nxe4 48. axb4 Nf2+ 49.
Kc4 Ke6 50. b5 Kd7 51. Kd5 e4 52. Nc5+ Kc7 53. Nxe4 Ng4 54. Kc5 Ne3 55. b6+ Kb8 56.
Kb5 Nf5 57. h5 Ng7 58. Nf6 h6 59. Kc6 Nf5 60. Nd7+ 1-0

[Event "*** Qualifier 4: Titled Tuesday 3|2 Blitz"]
[Site "Chess.com"]
[Date "2017.04.25"]
[Round "3"]
[White "tigra"]
[Black "sergiochess83"]
[Result "0-1"]
[WhiteElo "2591"]
[BlackElo "2724"]
[TimeControl "180+2"]
[EndTime "13:34:41 PDT"]
[Termination "sergiochess83 won on time"]

1. e4 c6 2. d4 d5 3. e5 Bf5 4. h4 h5 5. Nd2 e6 6. Nb3 Be7 7. g3 Nd7 8. Bh3 Be4 9. f3 Bg6 10.
Ne2 Nh6 11. Nf4 Nf5 12. Kf2 c5 13. c3 Qb6 14. Kg2 a5 15. dxc5 Nxc5 16. Nd4 Rd8 17. Nxf5 Bxf5 18. Bxf5 exf5 19. Nxd5 Qc6 20. c4 b5 21. Nxe7 Kxe7 22. Bg5+ f6 23. exf6+ gxf6 24. Qe2+ Qe6 25. Rhe1 fxg5 26. Qf2 Ne4 27. fxe4 f4 28.
hxg5 fxg3 29. Qc5+ Kf7 30. Rf1+ Kg7 31. Rad1 Rxd1 32. Rxd1 Qxe4+ 33. Kg1 Re8 34. cxb5 h4 35. b6 h3 36. Qc7+ Kg8 37. Qxg3 h2+ 38. Kxh2 Qe2+ 39. Kh3 Qh5+ 40. Kg2 Qxd1 41. Qc7 Qd5+ 42. Kf2 Qf5+ 43. Kg2 Qxg5+ 44. Kf2 Qf5+ 45. Kg2 Re2+ 46. Kg3 Re3+ 47. Kg2 Qf3+ 0-1

[Event "*** Qualifier 4: Titled Tuesday 3|2 Blitz"]
[Site "Chess.com"]
[Date "2017.04.25"]
[Round "3"]
[White "wnstop"]
[Black "Robin-Side"]
[Result "1-0"]
[WhiteElo "2474"]
[BlackElo "2321"]
[TimeControl "180+2"]
[EndTime "13:34:41 PDT"]
[Termination "wnstop won by resignation"]

1. e4 c5 2. Nf3 Nc6 3. Nc3 e5 4.
Bc4 d6 5. d3 Be7 6. O-O Nf6 7.
Ng5 O-O 8. f4 exf4 9. Bxf4 h6 10. Nf3 Be6 11. Qd2 Kh7 12. Nd5 Bxd5 13. Bxd5 Nxd5 14.
exd5 Nd4 15. c3 Nxf3+ 16. Rxf3 Bg5 17. Bxg5 Qxg5 18. Qxg5 hxg5 19. Re1 Rae8 20. Rxe8 Rxe8 21. Rxf7 Re3 22. Rxb7 Rxd3 23. c4 Rd4 24. b3 Rd1+ 25. Kf2 Rd2+ 26. Kf3 Rxa2 27. h3 Rb2 28. g3 a5 29. Rb5 Kg6 30. Kg4 Rd2 31. Rb6 Rd4+ 32. Kf3 Kf5 33. Rxd6 Rd3+ 34. Kf2 Rxb3 35. Rc6 Ke4 36.
Rxc5 Rb2+ 37. Ke1 Kd3 38. d6 Ke3 39. Re5+ Kd4 40. d7 Kxe5 41. d8=Q a4 42. Qxg5+ Ke4 43. Qd5+ Ke3 44. Qe5+ Kd3 45. Qxb2 1-0

[Event "*** Qualifier 4: Titled Tuesday 3|2 Blitz"]
[Site "Chess.com"]
[Date "2017.04.25"]
[Round "3"]
[White "kreonx"]
[Black "Grootneus"]
[Result "1/2-1/2"]
[WhiteElo "2226"]
[BlackElo "2101"]
[TimeControl "180+2"]
[EndTime "13:34:45 PDT"]
[Termination "Game drawn by repetition"]

1. e4 c5 2. Nc3 a6 3. g3 b5 4. Bg2 Bb7 5. d3 e6 6. Nge2 d6 7. O-O Nd7 8. Be3 Be7 9. f4 Qc7 10.
Qd2 Ngf6 11. h3 h5 12. Nd1 a5 13. a3 b4 14. axb4 axb4 15. Rxa8+ Bxa8 16. Nf2 O-O 17. g4 hxg4 18. hxg4 Bb7 19. g5 Ne8 20. Ng4 d5 21. e5 d4 22. Bf2 Bxg2 23. Kxg2 Qc6+ 24. Kg1 Nc7 25. Bh4 b3 26. c4 dxc3 27. Nxc3 c4 28. Ne4 cxd3 29. Ngf6+ Bxf6 30. Nxf6+ Nxf6 31. gxf6 g6 32.
f5 exf5 33. Qh6 Ne8 34. Rf2 Qe4 35. Rh2 d2 36. Rxd2 Qxe5 37. Rh2 Qe4 38. Bg3 Qb1+ 39. Kg2 Qc2+ 40. Bf2 Qe4+ 41. Kf1 Qd3+ 42. Kg2 Qe4+ 43. Kg1 Qb1+ 44. Kg2 Qe4+ 45. Kf1 Qd3+ 46. Kg1 Qb1+ 47. Kg2 Qe4+ 48. Kf1 Qd3+ 49. Kg1 Qb1+ 50. Kg2 Qe4+ 1/2-1/2

[Event "*** Qualifier 4: Titled Tuesday 3|2 Blitz"]
[Site "Chess.com"]
[Date "2017.04.25"]
[Round "3"]
[White "asms9699"]
[Black "Gordima"]
[Result "1-0"]
[WhiteElo "2460"]
[BlackElo "2496"]
[TimeControl "180+2"]
[EndTime "13:34:46 PDT"]
[Termination "asms9699 won by resignation"]

1. c4 Nf6 2. g3 g6 3. Bg2 Bg7 4.
Nc3 O-O 5. Nf3 d6 6. O-O e5 7. d3 Nc6 8. b3 h6 9. Bb2 Be6 10. d4 exd4 11. Nxd4 Bd7 12. Nd5 a5 13. Qd2 Kh7 14. Rac1 a4 15. b4 Ne8 16. Rfd1 a3 17.
Ba1 Ne5 18. Nf3 Ba4 19. Re1 c6 20. Nf4 Qe7 21. Nd3 Nxf3+ 22. Bxf3 Nf6 23. Qc3 d5 24. cxd5 cxd5 25. Qxa3 Bb5 26. Qb2 Bc4 27. a3 Rg8 28. Qd2 Rxa3 29. Nf4 Ra2 30. Qd1 Rd8 31. Bd4 Qxb4 32.
Rb1 Qa5 33. Rxb7 Rd2 34. Qa1 Ra2 35. Qc3 Qxc3 36. Bxc3 d4 37. Bb2 g5 38. Nh5 Nxh5 39.
Bxh5 d3 40. exd3 Bd5 41. Bxg7 Bxb7 42. Bxf7 Ra4 43. Bf6 Rf8 44. Bb3 Rb4 45. Be7 Re8 46.
Bxb4 1-0

[Event "*** Qualifier 4: Titled Tuesday 3|2 Blitz"]
[Site "Chess.com"]
[Date "2017.04.25"]
[Round "3"]
[White "ruvat"]
[Black "MasterLeif"]
[Result "1/2-1/2"]
[WhiteElo "2246"]
[BlackElo "2290"]
[TimeControl "180+2"]
[EndTime "13:34:53 PDT"]
[Termination "Game drawn - insufficient material"]

1. d4 d5 2. Nf3 Nf6 3. c4 e6 4.
g3 Bb4+ 5. Bd2 Be7 6. Bg2 O-O 7. O-O c6 8. Qc2 Nbd7 9. b3 b6 10. a4 Bb7 11. a5 bxa5 12. Bxa5 Qb8 13. Bc3 Ne4 14.
Bb2 c5 15. Nbd2 Nxd2 16. Nxd2 cxd4 17. cxd5 Bxd5 18. Bxd5 exd5 19. Bxd4 Rc8 20. Qb2 Bf6 21. Nf3 Qb7 22. Bxf6 Nxf6 23. Nd4 h6 24. Rfc1 Qb6 25. e3 Ne4 26. Rxc8+ Rxc8 27. Qa3 Rc7 28. Qa5 Rc1+ 29.
Kg2 Rxa1 30. Qxa1 Qb4 31. Qd1 Nc5 32. Qg4 Ne6 33. Qd1 Nxd4 34. exd4 Qc3 35. h4 h5 36. Qxh5 Qxd4 37. Qf5 g6 38. Qf3 a5 39. g4 Kg7 40.
Kg3 a4 41. bxa4 Qc4 42. g5 d4 43. Qf6+ Kh7 44. h5 gxh5 45. Qh6+ Kg8 46. Qxh5 Qxa4 47. g6 Qb3+ 48. Kh2 Qb8+ 49. Kg2 Qb7+ 50. Kh2 Qc7+ 51.
Kg2 Qc6+ 52. Kf1 Qxg6 53. Qxg6+ fxg6 54. Ke2 Kf7 55. Kd3 Kf6 56. Kxd4 Kf5 57. Ke3 g5 58. Kf3 Ke5 59. Kg4 Kf6 60. f4 gxf4 61. Kxf4 1/2-1/2

[Event "*** Qualifier 4: Titled Tuesday 3|2 Blitz"]
[Site "Chess.com"]
[Date "2017.04.25"]
[Round "3"]
[White "Rating-Schmating"]
[Black "dolynachess"]
[Result "1/2-1/2"]
[WhiteElo "2210"]
[BlackElo "2352"]
[TimeControl "180+2"]
[EndTime "13:35:01 PDT"]
[Termination "Game drawn - insufficient material"]

1. e4 e6 2. d4 d5 3. Nd2 dxe4 4. Nxe4 Bd7 5. Bd3 Bc6 6. Nf3 Nd7 7. Bf4 Ngf6 8. Qe2 Nxe4 9. Bxe4 Bxe4 10. Qxe4 c6 11. c3 Nf6 12. Qe2 Bd6 13. Bg5 Be7 14. Bxf6 Bxf6 15.
O-O O-O 16. Rae1 Rc8 17. Qe4 Qd5 18. Qxd5 cxd5 19. Nd2 b5 20. Nb3 Be7 21. Rc1 Bd6 22. Rc2 Rc7 23. Rfc1 Rfc8 24. Kf1 h5 25. h3 b4 26. g3 h4 27. Kg2 hxg3 28. fxg3 Rc4 29. Nd2 R4c6 30. c4 dxc4 31. Nxc4 Be7 32. b3 Bf6 33. Rd1 Rd8 34. Rcd2 Rc7 35. d5 exd5 36. Rxd5 Rxd5 37. Rxd5 Re7 38. Kf3 Re1 39. Ra5 Bd4 40.
Rb5 Ra1 41. Rxb4 Rxa2 42. Rb8+ Kh7 43. Rb7 Kg6 44. Ke4 Bc3 45. Nd6 Re2+ 46. Kf3 Re1 47.
Rxa7 Bd4 48. Ra6 Re3+ 49. Kg4 f6 50. h4 Rxb3 51. h5+ Kh7 52. Nf5 Bf2 53. Ra2 Bg1 54.
Rg2 Rb1 55. Rc2 Rb4+ 56. Kh3 Rb7 57. Kg2 Ba7 58. Ra2 Bb8 59. Ra8 Rb5 60. Ne3 Be5 61. g4 Rb2+ 62. Kf3 Rb3 63. Ke4 Rb4+ 64. Kf3 Rf4+ 65.
Ke2 Re4 66. Kf3 Rf4+ 67. Ke2 Re4 68. Kf3 Rf4+ 69. Ke2 Re4 70. Kf3 Rf4+ 71. Kg2 Re4 72. Ra3 Bd4 73. Kf3 Rxe3+ 74. Rxe3 Bxe3 75. Kxe3 Kh6 76. Kf4 g6 77. hxg6 Kxg6 78. Kf3 Kg5 79. Kg3 f5 80.
gxf5 Kxf5 1/2-1/2

[Event "*** Qualifier 4: Titled Tuesday 3|2 Blitz"]
[Site "Chess.com"]
[Date "2017.04.25"]
[Round "3"]
[White "SerGo055"]
[Black "yurisolo"]
[Result "0-1"]
[WhiteElo "2326"]
[BlackElo "2477"]
[TimeControl "180+2"]
[EndTime "13:35:02 PDT"]
[Termination "yurisolo won by resignation"]

1. d4 d6 2. Nf3 g6 3. c4 Bg7 4. Nc3 Bg4 5. Bg5 c5 6. d5 Bxc3+ 7.
bxc3 Qa5 8. Qb3 Bxf3 9. gxf3 Nd7 10. h4 h6 11. Bd2 O-O-O 12. Bh3 Nf6 13. a4 Kc7 14. e4 Ne5 15. Ke2 Qa6 16. Qb5 Nxc4 17. Qxa6 bxa6 18. Rhb1 Rb8 19. Be1 Nh5 20. Kd3 Ne5+ 21.
Ke3 Nc4+ 22. Kd3 Na5 23. c4 Nb3 24. Ra3 Nf4+ 25. Ke3 Nxh3 26. Raxb3 Rxb3+ 27. Rxb3 g5 28. Ba5+ Kc8 29. Rb1 Nf4 30. Bc3 f6 31. hxg5 hxg5 32. Rf1 Rh3 33. Rg1 Ng6 34. Ke2 Rh2 35. Bd2 Ne5 36. f4 gxf4 37. Bxf4 Rh4 38. Rg8+ Kc7 39. Ke3 Nxc4+ 40. Kf3 Rh7 41. Ra8 Kb7 42. Re8 Nb6 43.
a5 Nc4 44. Ke2 Nxa5 45. Bc1 Nc4 46. f4 a5 47. Kd3 Nb6 48. e5 fxe5 49. fxe5 Nxd5 50. Ke4 Nc7 51. Rg8 Rh4+ 52. Kf5 Rh5+ 53. Kf4 Rxe5 0-1

[Event "*** Qualifier 4: Titled Tuesday 3|2 Blitz"]
[Site "Chess.com"]
[Date "2017.04.25"]
[Round "3"]
[White "Alex_Molchanov"]
[Black "daro94"]
[Result "0-1"]
[WhiteElo "2431"]
[BlackElo "2730"]
[TimeControl "180+2"]
[EndTime "13:35:03 PDT"]
[Termination "daro94 won by resignation"]

1. d4 Nf6 2. c4 e6 3. Nf3 Bb4+ 4.
Nbd2 O-O 5. g3 b6 6. Bg2 Bb7 7. O-O Re8 8. Qc2 d5 9. cxd5 exd5 10. Ne5 Bf8 11. Ndf3 c5 12. b3 Nc6 13. Nxc6 Bxc6 14.
Bb2 Rc8 15. dxc5 bxc5 16. Ne5 Ba8 17. Rfd1 d4 18. Bxa8 Rxa8 19. Nc4 Qd5 20. e3 Ne4 21. f4 Rad8 22. Rd3 Qh5 23. Qd1 Qf5 24. exd4 cxd4 25. Bxd4 Rxd4 26. Rxd4 Nc3 27. Qd3 Ne2+ 28. Kg2 Nxd4 29. Qxd4 Re2+ 30. Kf3 Qh5+ 31. g4 Qxh2 32. Qg1 Qxg1 33. Rxg1 Rxa2 34. Rg2 Rxg2 35. Kxg2 f6 36. Kf3 Kf7 37. f5 g6 38. Ke4 Bc5 39. Kd5 Bf2 40. b4 gxf5 41. gxf5 h5 42. Ke4 Kg7 43. Nd6 Bb6 44.
b5 Bc5 45. Ne8+ Kf7 46. Nc7 Bb6 47. Nd5 Kg7 48. Kf3 Bd8 49. Kg3 Kh6 50. Kh4 Ba5 51. Ne7 Be1+ 52. Kh3 Kg5 53. Nc6 Bf2 54. Ne7 Bc5 55. Kg2 Bxe7 56. Kg3 Kxf5 57. Kh4 Bc5 58.
Kxh5 Ke4 59. Kg4 Bb6 60. Kg3 f5 61. Kg2 f4 62. Kf1 f3 0-1